[Event "Titled Tuesday Blitz August 22 Early 2023"]
[White "Adewumi, Tanitoluwa"]
[Black "Donchenko, Alexander"]
[WhiteFideId "30966396"]
[BlackFideId "24603295"]
[WhiteElo "2805"]
[BlackElo "2937"]
[Result "0-1"]
[Round "9"]
[TimeControl "180+1"]
[Date "2023.08.22"]
[WhiteClock "0:00:00"]
[BlackClock "0:01:34"]
[Board "18"]

1. e4 c6 2. d4 d5 3. exd5 cxd5 4. Bd3 Nf6 5. c3 Bg4 6. Qb3 Qc7 7. h3 Bd7 8. Ne2 e6 9. Bf4 Qb6 10. Qxb6 axb6 11. Nd2 b5 12. O-O b4 13. c4 Nc6 14. Rfc1 Be7 15. g4 h6 16. Nb3 O-O 17. Nc5 Bxc5 18. dxc5 d4 19. Bd6 Rfe8 20. f4 e5 21. fxe5 Nxe5 22. Bxe5 Rxe5 23. Nxd4 h5 24. gxh5 Nxh5 25. Re1 Rxc5 26. Re7 Bxh3 27. Rae1 g6 28. R1e3 Nf4 29. Be4 Rxc4 30. Ne2 Nxe2+ 31. Rxe2 Be6 32. Bxg6 Rg4+ 33. Rg2 Rxg2+ 34. Kxg2 Rxa2 35. Be4 Rxb2+ 36. Kf3 b5 37. Rb7 Bc4 38. Kf4 b3 39. Ke5 Kg7 40. Kd4 Re2 41. Ra7 b2 0-1


[Site "https://www.chess.com"]

[Event "Titled Tuesday Blitz August 22 Early 2023"]
[White "Kamsky, Gata"]
[Black "Gorovets, Andrey"]
[WhiteFideId "2000024"]
[BlackFideId "13504037"]
[WhiteElo "2930"]
[BlackElo "2800"]
[Result "1/2-1/2"]
[Round "9"]
[TimeControl "180+1"]
[Date "2023.08.22"]
[WhiteClock "0:00:14"]
[BlackClock "0:00:11"]
[Board "19"]

1. d4 Nf6 2. Bf4 d5 3. e3 c5 4. c3 Nc6 5. Nd2 cxd4 6. exd4 Bf5 7. Ngf3 e6 8. Bb5 Bd6 9. Bxd6 Qxd6 10. O-O O-O 11. Re1 Nd7 12. a4 h6 13. a5 a6 14. Bf1 Qc7 15. Qa4 b5 16. axb6 Nxb6 17. Qa3 Rfb8 18. b4 a5 19. b5 Nd8 20. Rec1 Nb7 21. c4 dxc4 22. Nxc4 Nxc4 23. Rxc4 Qd6 24. Ne5 Qxa3 25. Rxa3 Nd6 26. Rc5 Be4 27. Nc6 Bxc6 28. bxc6 a4 29. d5 Rb3 30. Ra1 a3 31. dxe6 fxe6 32. g3 a2 33. Rc2 Rba3 34. Bh3 Kf7 35. c7 Rc8 36. Re2 Nf5 37. Rexa2 Rxa2 38. Rxa2 Rxc7 39. Bg4 Kf6 40. Kg2 g6 41. h4 h5 42. Bf3 Nd4 43. Be4 Rc4 44. Ra8 Rc7 45. Rf8+ Rf7 46. Rg8 Rg7 47. Rd8 Nf5 48. Rd2 Ra7 49. Rb2 Ra4 50. Bf3 Ra6 51. Be2 Rd6 52. Ra2 Nd4 53. Bd3 Nf5 1/2-1/2


[Site "https://www.chess.com"]

[Event "Titled Tuesday Blitz August 22 Early 2023"]
[White "Rasulov, Vugar"]
[Black "Javakhadze, Zurab"]
[WhiteFideId "13402390"]
[BlackFideId "13603647"]
[WhiteElo "2894"]
[BlackElo "2717"]
[Result "1-0"]
[Round "9"]
[TimeControl "180+1"]
[Date "2023.08.22"]
[WhiteClock "0:00:18"]
[BlackClock "0:00:00"]
[Board "20"]

1. Nf3 d5 2. c4 e6 3. e3 Nf6 4. Nc3 Be7 5. d4 O-O 6. Bd3 b6 7. cxd5 exd5 8. O-O Bb7 9. Ne5 c5 10. f4 Nc6 11. Qf3 cxd4 12. Nxc6 Bxc6 13. exd4 Re8 14. f5 Ne4 15. Bxe4 dxe4 16. Qf2 Bh4 17. g3 e3 18. Bxe3 Bf6 19. Rad1 Bd5 20. Rfe1 Qd7 21. g4 h6 22. Bf4 Rxe1+ 23. Rxe1 Bb7 24. Be5 Bxe5 25. Rxe5 Rd8 26. h3 Qc6 27. d5 Qd6 28. Qe3 Kh7 29. a3 Rd7 30. h4 Qc7 31. g5 Qd8 32. Kf2 Bxd5 33. Re8 Qc7 34. Qg3 Qc5+ 35. Ke1 Re7+ 36. Rxe7 Qxe7+ 37. Kd2 Bc4 38. Qf4 Bb3 39. Qe4 Qd7+ 40. Ke1 1-0


[Site "https://www.chess.com"]

[Event "Titled Tuesday Blitz August 22 Early 2023"]
[White "Hulka, Valentyn"]
[Black "Mekhitarian, Krikor Sevag"]
[WhiteFideId "34107061"]
[BlackFideId "2107660"]
[WhiteElo "2747"]
[BlackElo "2881"]
[Result "1-0"]
[Round "9"]
[TimeControl "180+1"]
[Date "2023.08.22"]
[WhiteClock "0:01:10"]
[BlackClock "0:00:13"]
[Board "21"]

1. e4 e6 2. d4 d5 3. Nd2 c5 4. exd5 Qxd5 5. Ngf3 cxd4 6. Bc4 Qd7 7. O-O Nc6 8. Nb3 a6 9. Nbxd4 Nxd4 10. Nxd4 Qc7 11. Bb3 Bd6 12. h3 Ne7 13. c3 O-O 14. Bc2 e5 15. Nf3 Bf5 16. Bxf5 Nxf5 17. Qc2 Ne7 18. Bg5 Ng6 19. Rad1 Rfe8 20. Rfe1 Nf8 21. Rd5 f6 22. Red1 Be7 23. Be3 Qc6 24. Nh4 Ne6 25. Qb3 Bf8 26. Nf5 b5 27. Nd6 Bxd6 28. Rxd6 Qc4 29. Qxc4 bxc4 30. Rc6 Rab8 31. Rd2 Kf7 32. Rxc4 Rec8 33. Rd7+ Kg6 34. Rxc8 Rxc8 35. Rd6 Nf4 36. Bxf4 exf4 37. Rxa6 Rd8 38. Kf1 Rd2 39. Rb6 Kf5 40. a4 g5 41. a5 h5 42. a6 Rd1+ 43. Ke2 Ra1 44. b4 Ke4 45. f3+ Kd5 46. Rb5+ Kc4 47. Ra5 1-0


[Site "https://www.chess.com"]

[Event "Titled Tuesday Blitz August 22 Early 2023"]
[White "Volovich, Vasily"]
[Black "Cordova, Emilio"]
[WhiteFideId "34169676"]
[BlackFideId "3801497"]
[WhiteElo "2716"]
[BlackElo "2879"]
[Result "0-1"]
[Round "9"]
[TimeControl "180+1"]
[Date "2023.08.22"]
[WhiteClock "0:00:05"]
[BlackClock "0:00:41"]
[Board "22"]

1. e4 Nc6 2. Nf3 d6 3. d4 Nf6 4. Nc3 g6 5. Bb5 a6 6. Bxc6+ bxc6 7. h3 Bg7 8. O-O O-O 9. Re1 c5 10. dxc5 Nd7 11. cxd6 cxd6 12. Nd5 Rb8 13. c3 e6 14. Ne3 Qc7 15. Qe2 a5 16. Rd1 Nc5 17. Ng4 h5 18. Nh6+ Kh8 19. Bf4 e5 20. Bc1 Ba6 21. Qe3 f6 22. g4 Ne6 23. gxh5 Nf4 24. Ng4 f5 25. Ngh2 fxe4 26. Qxe4 Bb7 27. Qe1 Nxh3+ 28. Kg2 Nf4+ 29. Bxf4 Rxf4 30. hxg6 Qc6 31. Qe2 Rbf8 32. Rh1 Kg8 33. Kf1 e4 34. Nd2 e3 35. Ndf3 Rxf3 36. Nxf3 Rxf3 37. Rh2 Ba6 0-1


[Site "https://www.chess.com"]

[Event "Titled Tuesday Blitz August 22 Early 2023"]
[White "Dehtiarov, Roman"]
[Black "JeRoma71"]
[WhiteFideId "14186640"]
[WhiteElo "2711"]
[BlackElo "2877"]
[Result "1-0"]
[Round "9"]
[TimeControl "180+1"]
[Date "2023.08.22"]
[WhiteClock "0:00:01"]
[BlackClock "0:00:00"]
[Board "23"]

1. e4 e6 2. d3 d5 3. Nd2 Nf6 4. Ngf3 Be7 5. Be2 b6 6. O-O Bb7 7. e5 Nfd7 8. d4 c5 9. c3 Nc6 10. Re1 Qc7 11. a3 O-O-O 12. b4 c4 13. Nf1 f5 14. exf6 gxf6 15. Ng3 h5 16. Nh4 Rdg8 17. Bxh5 e5 18. Ng6 Rh7 19. Nxe7+ Nxe7 20. Bg4 e4 21. Be6 Rgh8 22. h3 Kb8 23. Qg4 Kc8 24. Bf4 Qd8 25. Bd6 Bc6 26. a4 f5 27. Nxf5 Nxf5 28. Bxf5 Rh4 29. Qg3 Rg8 30. Bg4 Rhxg4 31. hxg4 Nf6 32. g5 Ne8 33. Bf4 Ng7 34. Be5 Nf5 35. Qh3 Bd7 36. Bf6 Qe8 37. Qh2 Qg6 38. Kf1 Rf8 39. Ke2 e3 40. fxe3 Re8 41. Kf2 Re6 42. Qf4 Nd6 43. Kg1 Ne4 44. Rac1 Nxf6 45. gxf6 Rxf6 46. Qh2 Bf5 47. Rf1 Re6 48. Rf3 Kb7 49. Rcf1 Rf6 50. Qe5 Be4 51. Rg3 1-0


[Site "https://www.chess.com"]

[Event "Titled Tuesday Blitz August 22 Early 2023"]
[White "Garakov, Mikhael"]
[Black "Jones, Gawain C B"]
[WhiteFideId "4169034"]
[BlackFideId "409561"]
[WhiteElo "2615"]
[BlackElo "2876"]
[Result "0-1"]
[Round "9"]
[TimeControl "180+1"]
[Date "2023.08.22"]
[WhiteClock "0:00:02"]
[BlackClock "0:00:41"]
[Board "24"]

1. e4 e5 2. Nf3 Nc6 3. Bb5 a6 4. Bxc6 dxc6 5. O-O Bd6 6. d4 exd4 7. Qxd4 f6 8. Nbd2 Be6 9. Qc3 Ne7 10. Nc4 Bxc4 11. Qxc4 Qd7 12. Be3 O-O-O 13. Rfd1 Ng6 14. Rd2 Qe7 15. Rad1 Rhe8 16. Rd4 h5 17. Qd3 h4 18. g3 h3 19. Qf1 Rh8 20. Nd2 Ne5 21. f4 Ng4 22. Nc4 Nxe3 23. Nxe3 Bc5 24. Rxd8+ Rxd8 25. Rxd8+ Qxd8 26. Qe2 Qd4 27. Kf2 Qxe4 0-1


[Site "https://www.chess.com"]

[Event "Titled Tuesday Blitz August 22 Early 2023"]
[White "Maus7"]
[Black "Timofeev, Artyom"]
[BlackFideId "4140419"]
[WhiteElo "2553"]
[BlackElo "2855"]
[Result "0-1"]
[Round "9"]
[TimeControl "180+1"]
[Date "2023.08.22"]
[WhiteClock "0:00:01"]
[BlackClock "0:01:00"]
[Board "25"]

1. e4 e6 2. d4 d5 3. Nc3 dxe4 4. Nxe4 Nd7 5. Nf3 Ngf6 6. Bd3 Nxe4 7. Bxe4 Nf6 8. Bd3 c5 9. Be3 Qc7 10. Qe2 a6 11. dxc5 Bxc5 12. Bxc5 Qxc5 13. O-O-O O-O 14. Ne5 b5 15. g4 Bb7 16. g5 Nd5 17. Qe4 g6 18. Nd7 Qxf2 19. Nxf8 Rxf8 20. Rhg1 Rc8 21. Qe5 Ne3 22. Rge1 Nxc2 23. Kb1 Nxe1 24. Rxe1 Qd2 25. Qe3 Rc1+ 26. Rxc1 Qxe3 0-1


[Site "https://www.chess.com"]

[Event "Titled Tuesday Blitz August 22 Early 2023"]
[White "Cherniaiev, Tykhon"]
[Black "Naroditsky, Daniel"]
[WhiteFideId "14182360"]
[BlackFideId "2026961"]
[WhiteElo "2801"]
[BlackElo "3174"]
[Result "1/2-1/2"]
[Round "9"]
[TimeControl "180+1"]
[Date "2023.08.22"]
[WhiteClock "0:00:13"]
[BlackClock "0:00:06"]
[Board "26"]

1. Nf3 Nf6 2. d4 g6 3. c4 Bg7 4. g3 d6 5. Bg2 O-O 6. O-O Nbd7 7. Nc3 e5 8. b3 Re8 9. Bb2 Qe7 10. Rc1 e4 11. Ng5 e3 12. f4 c6 13. h3 Nf8 14. Kh2 Bf5 15. a3 Rad8 16. d5 c5 17. b4 h6 18. Nf3 Ne4 19. Qb3 cxb4 20. axb4 Nf2 21. Nd1 Bxb2 22. Qxb2 Ne4 23. Nc3 Nd7 24. Nxe4 Bxe4 25. Qd4 Nb6 26. Qxe3 Qc7 27. Qd4 Bf5 28. Nh4 Rxe2 29. Nxf5 gxf5 30. Qf6 Rde8 31. Qxh6 Qe7 32. c5 dxc5 33. bxc5 Nxd5 34. Rce1 Re6 35. Rxe6 Qxe6 36. Qg5+ Kf8 37. Re1 Ne3 38. Rxe3 Qxe3 39. Qh6+ Kg8 40. Qg5+ Kh7 41. Qh5+ Kg7 42. Qg5+ Kh8 43. Qh6+ Kg8 44. Qg5+ Kf8 45. Qh6+ Kg8 1/2-1/2


[Site "https://www.chess.com"]

[Event "Titled Tuesday Blitz August 22 Early 2023"]
[White "So, Wesley"]
[Black "Orozbaev, Eldiar"]
[WhiteFideId "5202213"]
[BlackFideId "13802240"]
[WhiteElo "3092"]
[BlackElo "2791"]
[Result "1/2-1/2"]
[Round "9"]
[TimeControl "180+1"]
[Date "2023.08.22"]
[WhiteClock "0:00:05"]
[BlackClock "0:00:03"]
[Board "27"]

1. e3 e5 2. c4 Nf6 3. Nc3 c6 4. Nf3 e4 5. Nd4 d5 6. cxd5 cxd5 7. d3 Be7 8. Be2 O-O 9. O-O Nc6 10. dxe4 Nxd4 11. Qxd4 dxe4 12. Rd1 Qxd4 13. Rxd4 Bf5 14. b3 Rfd8 15. Nb5 Bc5 16. Rc4 Bb6 17. Kf1 Be6 18. Rc2 a6 19. Nc3 Rac8 20. Ba3 Nd5 21. Nxd5 Rxc2 22. Nxb6 Rdd2 23. Rd1 Rxd1+ 24. Bxd1 Rxa2 25. Bc5 Ra1 26. Ke2 Bg4+ 27. f3 exf3+ 28. gxf3 Bxf3+ 29. Kxf3 Rxd1 30. b4 f6 31. Nc4 b5 32. Nd6 Rc1 33. Nb7 Kf7 34. Bb6 Ke6 35. Nc5+ Kf7 36. Ba5 g5 37. Nxa6 f5 38. Nc7 g4+ 39. Kg3 Rc3 40. Kf4 Rc2 41. Kg3 h5 42. Nxb5 h4+ 43. Kxh4 Rxh2+ 44. Kg3 Rb2 45. Nd4 Kf6 46. b5 Ke5 47. Bc3 Rb1 48. Ba5 f4+ 49. Kxg4 fxe3 50. Bb6 Ke4 51. Kg3 Kd3 52. Kf3 Kc4 53. Ke2 Rxb5 54. Nxb5 Kxb5 55. Bxe3 1/2-1/2


[Site "https://www.chess.com"]

[Event "Titled Tuesday Blitz August 22 Early 2023"]
[White "Le, Tuan Minh"]
[Black "Materia, Marco"]
[WhiteFideId "12401153"]
[BlackFideId "45150451"]
[WhiteElo "2991"]
[BlackElo "2790"]
[Result "0-1"]
[Round "9"]
[TimeControl "180+1"]
[Date "2023.08.22"]
[WhiteClock "0:00:01"]
[BlackClock "0:00:49"]
[Board "28"]

1. d4 Nf6 2. Nf3 d5 3. Bf4 c5 4. c3 e6 5. e3 Bd6 6. Nbd2 O-O 7. Bd3 Bxf4 8. exf4 Nc6 9. dxc5 a5 10. a4 b6 11. cxb6 Qxb6 12. Rb1 Ba6 13. Qe2 Bxd3 14. Qxd3 Rab8 15. O-O h6 16. Rfe1 Nd7 17. h3 Nc5 18. Qc2 Rfd8 19. f5 exf5 20. Qxf5 Nxa4 21. Nf1 d4 22. cxd4 Nxd4 23. Nxd4 Qxd4 24. Re4 Qc5 25. Re5 Qc8 26. Ng3 Rxb2 27. Ra1 Nc3 28. Qxc8 Rxc8 29. Raxa5 Nd1 30. Rf5 Rcc2 31. Ne4 Re2 32. Rae5 f6 33. Re8+ Kh7 34. h4 Nc3 35. Rf4 Rb1+ 36. Kh2 Rbe1 37. f3 Nd5 38. Rf5 Ne3 39. Nxf6+ gxf6 40. Rxe3 Rxe3 41. Rxf6 R1e2 42. Kg3 Ra2 43. Rf7+ Kg6 44. Rb7 Ree2 45. Rb6+ Kf7 46. Rb7+ Ke8 47. Rb8+ Kd7 48. Rb7+ Kc6 49. Rh7 Rxg2+ 50. Kf4 Ra4+ 51. Kf5 Rxh4 52. f4 Rf2 0-1


[Site "https://www.chess.com"]

[Event "Titled Tuesday Blitz August 22 Early 2023"]
[White "Paravyan, David"]
[Black "Leiva, Gianmarco"]
[WhiteFideId "4194985"]
[BlackFideId "3804399"]
[WhiteElo "2960"]
[BlackElo "2745"]
[Result "1-0"]
[Round "9"]
[TimeControl "180+1"]
[Date "2023.08.22"]
[WhiteClock "0:01:48"]
[BlackClock "0:00:05"]
[Board "29"]

1. Nf3 Nf6 2. c4 e6 3. d4 d5 4. g3 Bb4+ 5. Bd2 Be7 6. Bg2 O-O 7. O-O Nbd7 8. Qc2 c6 9. Rd1 b6 10. Bf4 Bb7 11. Nc3 dxc4 12. Nd2 Nd5 13. Nxc4 Nxf4 14. gxf4 Nf6 15. a3 Rc8 16. b4 Nd5 17. e3 Qc7 18. Rac1 Rfd8 19. Ne5 Nxc3 20. Qxc3 c5 21. Bxb7 Qxb7 22. dxc5 Rxd1+ 23. Rxd1 bxc5 24. Rd7 Rc7 25. Rxc7 Qxc7 26. Nd3 c4 27. Nb2 a5 28. bxa5 h5 29. Nxc4 Qb7 30. Nb6 Qf3 31. Qc8+ Bf8 32. Qd8 Kh7 33. a6 Be7 34. Qd3+ f5 35. a7 1-0


[Site "https://www.chess.com"]

[Event "Titled Tuesday Blitz August 22 Early 2023"]
[White "Shoker, Samy"]
[Black "Drygalov, Sergey"]
[WhiteFideId "627143"]
[BlackFideId "24171743"]
[WhiteElo "2718"]
[BlackElo "2953"]
[Result "1-0"]
[Round "9"]
[TimeControl "180+1"]
[Date "2023.08.22"]
[WhiteClock "0:00:37"]
[BlackClock "0:00:12"]
[Board "30"]

1. Nf3 d5 2. c4 d4 3. b4 f6 4. e3 e5 5. c5 a5 6. Bb5+ Nc6 7. Bb2 Bd7 8. exd4 Nxd4 9. Bxd7+ Qxd7 10. Nxd4 exd4 11. O-O axb4 12. Re1+ Ne7 13. d3 O-O-O 14. a3 b3 15. Nd2 Nc6 16. Nxb3 Qd5 17. Rc1 h5 18. Rc4 Be7 19. Nxd4 Ne5 20. c6 b5 21. Rc1 Bc5 22. Rxc5 Qxc5 23. Ne6 Qxc6 24. Nxd8 Rxd8 25. Bxe5 fxe5 26. Rxe5 Qc3 27. Rxh5 Qxd3 28. Qg4+ Kb7 29. h4 Rd4 30. Rxb5+ Ka6 31. Rb3 Qxb3 32. Qxd4 Qxa3 33. Qxg7 c5 34. h5 c4 35. h6 c3 36. h7 Qc1+ 37. Kh2 Qf4+ 38. Kh3 Qf5+ 39. Kg3 Qd3+ 40. f3 Qd6+ 41. Kh3 Qe6+ 42. g4 Qe3 43. h8=Q Qxf3+ 44. Kh4 c2 45. Qa1+ Kb5 46. Qab2+ Ka6 47. Qc8+ Ka5 48. Qc5+ Ka6 49. Qcb6# 1-0


[Site "https://www.chess.com"]

[Event "Titled Tuesday Blitz August 22 Early 2023"]
[White "Kravtsiv, Martyn"]
[Black "Zhao, Jun"]
[WhiteFideId "14113147"]
[BlackFideId "8602522"]
[WhiteElo "2872"]
[BlackElo "2707"]
[Result "1-0"]
[Round "9"]
[TimeControl "180+1"]
[Date "2023.08.22"]
[WhiteClock "0:00:55"]
[BlackClock "0:01:02"]
[Board "31"]

1. e4 c5 2. Nf3 e6 3. d4 cxd4 4. Nxd4 Nf6 5. Nc3 Nc6 6. Be2 Bb4 7. Nb5 Nxe4 8. O-O Bxc3 9. bxc3 O-O 10. Ba3 Re8 11. Bf3 d5 12. Bxe4 dxe4 13. Nd6 Re7 14. Nxe4 Qxd1 15. Raxd1 Rd7 16. Nc5 Rxd1 17. Rxd1 f6 18. Rd6 Kf7 19. f4 Na5 20. Rd8 b6 21. Ne4 Bb7 22. Nd6+ Kg6 23. Nxb7 Rxd8 24. Nxd8 Kf5 25. Kf2 e5 26. fxe5 fxe5 27. Nf7 h6 28. Nd6+ Ke6 29. Ke3 Kd5 30. c4+ 1-0


[Site "https://www.chess.com"]

[Event "Titled Tuesday Blitz August 22 Early 2023"]
[White "Rustemov, Alexander"]
[Black "KarolKacprzak"]
[WhiteFideId "4119002"]
[WhiteElo "2867"]
[BlackElo "2701"]
[Result "1/2-1/2"]
[Round "9"]
[TimeControl "180+1"]
[Date "2023.08.22"]
[WhiteClock "0:00:08"]
[BlackClock "0:00:07"]
[Board "32"]

1. d4 Nf6 2. c4 e6 3. Nf3 d5 4. Nc3 dxc4 5. e3 a6 6. a4 c5 7. Bxc4 Nc6 8. O-O Be7 9. dxc5 Bxc5 10. Qe2 O-O 11. b3 Qc7 12. Bb2 b6 13. Rac1 Bb7 14. Bd3 Qe7 15. Ne4 Nxe4 16. Bxe4 Rac8 17. Rfd1 h6 18. Bb1 Nb4 19. Ne5 Rfd8 20. Qh5 Nd5 21. Nd3 Bd6 22. Qg4 Nf6 23. Qh4 Ne4 24. Qxe7 Bxe7 25. Rxc8 Rxc8 26. Rc1 Rxc1+ 27. Nxc1 Bd5 28. f3 Nc5 29. Bc2 b5 30. axb5 axb5 31. Kf2 f5 32. Ke2 Kf7 33. Bc3 g5 34. h3 h5 35. Bd4 Bd6 36. Kd2 g4 37. hxg4 hxg4 38. Ke2 gxf3+ 39. gxf3 Kg6 40. Bc3 e5 41. Kf2 Kf6 42. f4 Ke6 43. fxe5 Bxe5 44. Bxe5 Kxe5 45. b4 Na6 46. Nd3+ Kf6 47. Kg3 Kg5 48. Nf4 Bc4 49. Nh3+ Kf6 50. Kf4 Nxb4 51. Bxf5 Nd5+ 52. Ke4 Nxe3 53. Kxe3 Kxf5 54. Kd4 Kg4 55. Nf2+ Kf3 56. Ne4 Bf1 57. Nd2+ Kg2 58. Nxf1 Kxf1 59. Kc5 b4 60. Kxb4 1/2-1/2


[Site "https://www.chess.com"]

[Event "Titled Tuesday Blitz August 22 Early 2023"]
[White "Plazuelo Pascual, Juan"]
[Black "Durarbayli, Vasif"]
[WhiteFideId "32059566"]
[BlackFideId "13402935"]
[WhiteElo "2694"]
[BlackElo "2852"]
[Result "0-1"]
[Round "9"]
[TimeControl "180+1"]
[Date "2023.08.22"]
[WhiteClock "0:00:00"]
[BlackClock "0:00:08"]
[Board "33"]

1. e4 e5 2. Nf3 Nc6 3. d4 exd4 4. Nxd4 Qf6 5. Nb3 Bb4+ 6. c3 Be7 7. Be3 Qg6 8. N1d2 Nf6 9. Qc2 d5 10. Bd3 Qxg2 11. O-O-O dxe4 12. Nxe4 Ne5 13. Nxf6+ Bxf6 14. Be4 Qh3 15. Rhg1 O-O 16. Nd4 Ng4 17. Bf4 Bxd4 18. cxd4 Re8 19. f3 Nf6 20. Rg3 Qe6 21. Be5 g6 22. Rdg1 Nxe4 23. fxe4 Qxa2 24. h4 Rxe5 25. dxe5 Qa1+ 26. Kd2 Qa5+ 27. Qc3 Qxc3+ 28. Kxc3 Be6 29. h5 a5 30. Rd3 Kg7 31. hxg6 hxg6 32. Rh1 b5 33. Kd4 Rd8+ 34. Ke3 Rc8 35. Rc3 c5 36. Rcc1 a4 37. Kf4 b4 38. Rc2 c4 39. Kg5 Rc5 40. Kf4 c3 41. Ke3 Rxe5 42. bxc3 b3 43. Re2 a3 44. Kd4 Ra5 45. c4 b2 46. Kc3 Ra4 47. Kb3 Bxc4+ 48. Kxa4 Bxe2 49. Kxa3 Bd3 50. Kxb2 Bxe4 51. Rg1 f5 52. Kc3 Kf6 53. Kd4 g5 54. Ke3 Bd5 55. Ra1 f4+ 56. Kd4 Bf3 57. Rf1 g4 58. Kd3 Kf5 59. Ra1 g3 60. Kd2 Kg4 61. Ke1 Kh3 62. Kf1 Kh2 63. Ke1 Bd5 64. Ke2 f3+ 65. Ke3 f2 66. Ke2 Kg2 67. Rb1 Bc4+ 0-1


[Site "https://www.chess.com"]

[Event "Titled Tuesday Blitz August 22 Early 2023"]
[White "Djordjevic, Vuk"]
[Black "Lenderman, Aleksandr"]
[WhiteFideId "902098"]
[BlackFideId "2021285"]
[WhiteElo "2690"]
[BlackElo "2850"]
[Result "0-1"]
[Round "9"]
[TimeControl "180+1"]
[Date "2023.08.22"]
[WhiteClock "0:00:00"]
[BlackClock "0:00:13"]
[Board "34"]

1. d4 g6 2. Nf3 Bg7 3. Bg5 c5 4. c3 Qb6 5. Qb3 cxd4 6. Qxb6 axb6 7. Nxd4 Nc6 8. e3 d6 9. Nd2 Nf6 10. Nc4 Nd7 11. Be2 d5 12. Nb5 dxc4 13. Nc7+ Kd8 14. Nxa8 b5 15. O-O Nc5 16. a4 bxa4 17. Nb6 Be6 18. Nxa4 Nb3 19. Nb6 Nxa1 20. Rxa1 Kc7 21. Nxc4 Bd5 22. Nd2 f6 23. Bh4 e5 24. e4 Be6 25. f3 Rd8 26. Nf1 Bf8 27. Bf2 f5 28. Ne3 f4 29. Nc4 Bxc4 30. Bxc4 Rd2 31. b4 Rc2 32. Be1 Bxb4 33. Bd3 Bxc3 34. Rd1 Bd4+ 35. Kf1 Rc5 36. Bd2 b5 37. g3 g5 38. h4 h6 39. hxg5 hxg5 40. gxf4 gxf4 41. Rb1 Kb6 42. Ke2 Bc3 43. Bc1 Nd4+ 44. Kf1 b4 45. Kg2 Ra5 46. Bb2 Ra2 47. Bc4 Rxb2+ 0-1


[Site "https://www.chess.com"]

[Event "Titled Tuesday Blitz August 22 Early 2023"]
[White "Pert, Richard G"]
[Black "Zemlyanskii, Ivan"]
[WhiteFideId "404748"]
[BlackFideId "24249971"]
[WhiteElo "2689"]
[BlackElo "2847"]
[Result "0-1"]
[Round "9"]
[TimeControl "180+1"]
[Date "2023.08.22"]
[WhiteClock "0:00:00"]
[BlackClock "0:00:07"]
[Board "35"]

1. d4 d5 2. Nf3 Nf6 3. Bf4 c5 4. e3 Nc6 5. Nbd2 Qb6 6. dxc5 Qxb2 7. Rb1 Qc3 8. Bb5 e6 9. O-O Be7 10. e4 O-O 11. e5 Nd7 12. Re1 Nxc5 13. Nb3 Ne4 14. Nbd2 Rd8 15. Qe2 Nxd2 16. Bxd2 Qxc2 17. Bd3 Qa4 18. Bg5 h6 19. Bb5 Qa5 20. Bxc6 hxg5 21. Bxb7 Rb8 22. Bxc8 Rdxc8 23. h3 Qa4 24. Qd2 g4 25. hxg4 Qxg4 26. Qa5 Rxb1 27. Rxb1 Bc5 28. Qa6 Rd8 29. Rb7 Bb6 30. Qb5 Qc4 31. Qb2 Qc6 32. Re7 Kf8 33. Qa3 Bc5 34. Rxf7+ Kxf7 35. Ng5+ Ke7 36. Qh3 Rf8 37. Qh4 Bxf2+ 38. Qxf2 Rxf2 39. Kxf2 Qc2+ 40. Kf3 Qf5+ 41. Kg3 Qxg5+ 42. Kh2 Qxe5+ 43. Kg1 d4 0-1


[Site "https://www.chess.com"]

[Event "Titled Tuesday Blitz August 22 Early 2023"]
[White "Galchenko, Matvey"]
[Black "Korchmar, Vasiliy"]
[WhiteFideId "24175480"]
[BlackFideId "24131750"]
[WhiteElo "2843"]
[BlackElo "2684"]
[Result "1-0"]
[Round "9"]
[TimeControl "180+1"]
[Date "2023.08.22"]
[WhiteClock "0:00:05"]
[BlackClock "0:00:02"]
[Board "36"]

1. f4 d5 2. Nf3 g6 3. g3 Bg7 4. Bg2 Nf6 5. O-O O-O 6. d3 c5 7. Nc3 Nc6 8. e4 dxe4 9. dxe4 e5 10. Qxd8 Rxd8 11. Nxe5 Nxe5 12. fxe5 Ng4 13. Bg5 Rf8 14. Be7 Re8 15. Bxc5 b6 16. Bd4 Ba6 17. Rfe1 Rac8 18. Rad1 Nxe5 19. Nd5 Bc4 20. Ne3 Ba6 21. b3 Nd3 22. Rxd3 Bxd3 23. Bxg7 Bxe4 24. Bxe4 Rxe4 25. Bb2 f5 26. Kf2 f4 27. gxf4 Rxf4+ 28. Kg3 Re4 29. c4 Rce8 30. Kf3 Rh4 31. Kg3 Rhe4 32. Bc1 h5 33. Bd2 Kh7 34. Kf3 Rh4 35. Kg3 Rhe4 36. Ng2 Re2 37. Kf3 Rxe1 38. Bxe1 Rf8+ 39. Ke2 Re8+ 40. Ne3 g5 41. b4 Kg6 42. Bc3 g4 43. Bd4 Kg5 44. c5 bxc5 45. Bxc5 Re6 46. a4 a6 47. Kd3 h4 48. Ng2 Rf6 49. Be7 Kf5 50. Bxf6 Kxf6 51. Nxh4 Kg5 52. Ng2 1-0


[Site "https://www.chess.com"]

[Event "Titled Tuesday Blitz August 22 Early 2023"]
[White "Gubajdullin, Alexei"]
[Black "Piorun, Kacper"]
[WhiteFideId "4141202"]
[BlackFideId "1130420"]
[WhiteElo "2682"]
[BlackElo "2841"]
[Result "0-1"]
[Round "9"]
[TimeControl "180+1"]
[Date "2023.08.22"]
[WhiteClock "0:00:01"]
[BlackClock "0:00:11"]
[Board "37"]

1. d4 Nc6 2. Nf3 Nf6 3. Bf4 d6 4. e3 g6 5. h3 Bg7 6. Be2 O-O 7. O-O Nd7 8. c4 e5 9. Bh2 Re8 10. Nc3 exd4 11. exd4 Ne7 12. Rc1 Nf8 13. c5 d5 14. b4 Ne6 15. Bb5 Bd7 16. Bxd7 Qxd7 17. Ne5 Qc8 18. b5 Nf5 19. Ne2 Nexd4 20. Nxd4 Bxe5 21. Bxe5 Rxe5 22. Nf3 Re6 23. Qxd5 c6 24. bxc6 Qxc6 25. Qxc6 Rxc6 26. Ne5 Re6 27. f4 Rc8 28. Rfd1 f6 29. Ng4 Kf7 30. Rd7+ Re7 31. Rxe7+ Kxe7 32. Rc4 h5 33. Nf2 h4 34. Nd3 Rd8 35. Rc3 Ng3 36. Rb3 Ke6 37. Kf2 Kf5 38. Ke3 Rd7 39. Rb5 Re7+ 40. Kd4 Ne2+ 41. Kc4 Re4+ 42. Kb3 Nd4+ 43. Kc4 Nxb5+ 44. Kxb5 Rd4 45. Nb4 Rxf4 46. Nd5 Rf2 47. Ne7+ Kg5 48. a4 Rxg2 49. a5 Rb2+ 50. Kc4 a6 51. Nc8 f5 52. Nd6 Kf4 53. Kc3 Rb1 54. Kc2 Re1 55. Nxb7 g5 56. c6 Re6 57. Nd8 Re7 58. Kd3 Ke5 59. Kc4 Kd6 60. Kd4 g4 61. hxg4 fxg4 62. Nb7+ Kxc6 63. Nc5 h3 64. Nd3 Rd7+ 0-1


[Site "https://www.chess.com"]

[Event "Titled Tuesday Blitz August 22 Early 2023"]
[White "Itgelt, Khuyagtsogt"]
[Black "Klukin, Kirill"]
[WhiteFideId "4902912"]
[BlackFideId "24199273"]
[WhiteElo "2665"]
[BlackElo "2831"]
[Result "1/2-1/2"]
[Round "9"]
[TimeControl "180+1"]
[Date "2023.08.22"]
[WhiteClock "0:00:04"]
[BlackClock "0:00:09"]
[Board "38"]

1. d4 Nf6 2. c4 Nc6 3. Nf3 e6 4. a3 d6 5. Nc3 g6 6. g3 Bg7 7. Bg2 O-O 8. O-O e5 9. dxe5 dxe5 10. Bg5 Be6 11. Qa4 Qe8 12. Rfd1 Nd7 13. Nd5 Nb6 14. Qc2 Rc8 15. Nf6+ Bxf6 16. Bxf6 Nd7 17. Bg5 f6 18. Bh6 Rf7 19. e4 Bg4 20. Be3 Nf8 21. h3 Bxf3 22. Bxf3 Ne6 23. Bg4 Ned4 24. Bxd4 Nxd4 25. Rxd4 exd4 26. Bxc8 Qxc8 27. c5 Qe6 28. Rd1 Rd7 29. Kg2 d3 30. Qa4 c6 31. Rd2 Qe5 32. Qc4+ Kg7 33. Rxd3 Re7 34. b4 Qb2 35. Re3 Rd7 36. Re2 Qe5 37. Qc2 g5 38. Qb3 Rd4 39. Qf3 Rc4 40. Qf5 Qxf5 41. exf5 Kf7 42. Kf3 h5 43. g4 a5 44. Rb2 hxg4+ 45. hxg4 Rc3+ 46. Kg2 a4 47. b5 Rxc5 48. bxc6 bxc6 49. Rb4 Ra5 50. Rc4 c5 51. Kf3 Ke7 52. Ke4 Kd6 53. Rc1 Ra8 54. Kd3 Kd5 55. Rb1 Rh8 56. Rb6 c4+ 57. Kd2 Rh3 58. Rxf6 Rxa3 59. Rf8 Ra2+ 60. Kc3 Ra3+ 61. Kc2 Rf3 62. Rd8+ Kc5 63. Rc8+ Kd4 64. Rd8+ Ke5 65. Rc8 Kd5 66. Rd8+ Kc5 67. Rc8+ Kb5 68. Rb8+ Ka5 69. Rc8 Kb4 70. Rb8+ Kc5 71. Rc8+ 1/2-1/2


[Site "https://www.chess.com"]

[Event "Titled Tuesday Blitz August 22 Early 2023"]
[White "Yanchenko, Roman"]
[Black "Moral Garcia, Serafin"]
[WhiteFideId "4137329"]
[BlackFideId "2201925"]
[WhiteElo "2819"]
[BlackElo "2564"]
[Result "1-0"]
[Round "9"]
[TimeControl "180+1"]
[Date "2023.08.22"]
[WhiteClock "0:02:27"]
[BlackClock "0:01:58"]
[Board "39"]

1. d4 Nf6 2. Nf3 g6 3. c4 Bg7 4. Nc3 d5 5. Bf4 O-O 6. c5 Ne4 7. e3 Nxc3 8. bxc3 b6 9. cxb6 axb6 10. Be2 c5 11. O-O Nc6 12. Qb3 Na5 13. Qb2 Ba6 14. Bxa6 Rxa6 15. Qb5 Qc8 16. Nd2 Qc6 17. Qxa6 1-0


[Site "https://www.chess.com"]